 Dungeon Crawl Stone Soup version 0.28.0 (webtiles) character file.

Game seed: 9423123456389959123

313 hikkokomori the Shield-Bearer (level 6, 0/49 HPs)
             Began as a Formicid Fighter on Feb 13, 2022.
             Slain by an orc priest (2 damage)
             ... on level 3 of the Dungeon on Feb 14, 2022.
             The game lasted 00:05:12 (2782 turns).

hikkokomori the Shield-Bearer (Formicid Fighter)    Turns: 2782, Time: 00:05:12

Health: 0/49       AC:  7    Str: 22    XL:     6   Next: 71%
Magic:  6/6        EV:  9    Int: 14    God:
Gold:   85         SH:  5    Dex: 10    Spells: 5/5 levels left

rFire   . . .      SeeInvis +   a - +0 war axe
rCold   . . .      Faith    .   c - +0 buckler
rNeg    . . .      Spirit   .   b - +0 scale mail
rPois   .          Reflect  .   (helmet unavailable)
rElec   .          Harm     .   (no cloak)
rCorr   .          Rampage  .   (no gloves)
Will    .....                   (no boots)
Stlth   ..........              (no amulet)
HPRegen 0.16/turn               m - +6 ring of intelligence
MPRegen 0.10/turn               (no ring)

@: no status effects
A: permanent stasis, dig shafts and tunnels, antennae 3, four strong arms
a: Dig, Shaft Self


You were on level 3 of the Dungeon.
You visited 1 branch of the dungeon, and saw 3 of its levels.

You collected 85 gold pieces.

Inventory:

Hand Weapons
 a - a +0 war axe (weapon)
 h - a +3 short sword
Armour
 b - a +0 scale mail (worn)
 c - a +0 buckler (worn)
Jewellery
 m - a +6 ring of intelligence (left hand)
Scrolls
 e - a scroll of teleportation {unknown}
 f - a scroll of noise {unknown}
 i - a scroll of brand weapon {unknown}
 j - a scroll of identify {unknown}
Potions
 d - a potion of might
 g - a potion of attraction {unknown}
 k - a potion of lignification {unknown}


   Skills:
 + Level 4.7 Fighting
 + Level 3.6 Axes
 + Level 4.8 Armour
 + Level 5.2 Shields


You had 5 spell levels left.
You didn't know any spells.
Your spell library contained the following spells:

 Spells                   Type           Power      Damage    Failure   Level
 Sublimation of Blood     Necr           0%         N/A       78%         2
 Wereblood                Tmut           0%         N/A       78%         2
 Summon Hydra             Summ           0%         N/A       100%        7


Dungeon Overview and Level Annotations

Branches:
Dungeon (2/15)

Altars:

Shops:
D:2 =[[=:


Innate Abilities, Weirdness & Mutations

You cannot be hasted, slowed, berserked, paralysed or teleported.
You can dig through walls and to a lower floor.
You have a pair of large antennae on your head. (SInv)
Your four strong arms can wield two-handed weapons with a shield.


Message History

You block the orc priest's attack. The orc hits you with a +0 dagger.
* * * LOW HITPOINT WARNING * * *
Unknown command.
You slash the orc priest!
You kill the orc priest!
You hit the orc.
Unknown command.
You are too injured to fight recklessly!
You are too injured to fight recklessly!
You barely miss the orc.
The orc is severely wounded.
The orc hits you but does no damage.
You closely miss the orc.
The orc is severely wounded.
The orc barely misses you.
You feel better. The orc hits you with a +0 hand axe.
* * * LOW HITPOINT WARNING * * *
The orc barely misses you.
You slash the orc!
You kill the orc!
You slash the orc!
You kill the orc!
Unknown command.
You slash the orc priest!
The orc priest is severely wounded.
The orc priest hits you but does no damage.
You closely miss the orc priest.
The orc priest is severely wounded.
You block the orc priest's attack. The orc priest closely misses you.
You hit the orc priest.
The orc priest is severely wounded.
The orc priest invokes the aid of Beogh against you.
Beogh smites you!
* * * LOW HITPOINT WARNING * * *
Unknown command.
You barely miss the orc priest.
The orc priest is severely wounded.
The orc priest hits you but does no damage.
The orc priest hits you with a +0 dagger.
You die...

########## #).)o....#
#######o######.#
.......)@....#
################.###.#
#.........######.#
'.........'....>.#
#.........#####..#
#.........# #..#
'.........# #...#
#.........# #.#...
#.######### #.#..#.


You could see an orc priest.

Vanquished Creatures
  A black bear (D:3)
  An orc priest (D:3)
  Jessica (D:2)
  Natasha (D:2)
  An orc wizard (D:3)
  3 adders
  2 worms (D:2)
  A dart slug (D:1)
  7 orcs (D:3)
  5 bats
  7 endoplasms
  2 giant cockroaches
  4 goblins
  11 hobgoblins
  6 jackals (D:1)
  2 kobolds (D:1)
  2 quokkas (D:1)
  4 ball pythons
  4 frilled lizards
  7 rats
72 creatures vanquished.

Notes
Turn   | Place    | Note
-------+----------+-------------------------------------------
     0 | D:1      | hikkokomori the Formicid Fighter began the quest for the
                  | Orb.
     0 | D:1      | Reached XP level 1. HP: 18/18 MP: 1/1
   377 | D:1      | Reached XP level 2. HP: 24/24 MP: 2/2
   799 | D:1      | Reached XP level 3. HP: 27/29 MP: 3/3
   854 | D:1      | Reached skill level 4 in Shields
  1526 | D:2      | Reached XP level 4. HP: 30/36 MP: 4/4
  1671 | D:2      | Found a faded altar of an unknown god.
  1720 | D:2      | Found Ylyebb's Book Boutique.
  1749 | D:2      | Found Wobolupt's Antique Armour Boutique.
  1750 | D:2      | Noticed Natasha
  1751 | D:2      | Noticed Jessica
  1766 | D:2      | Killed Natasha
  1770 | D:2      | Killed Jessica
  1771 | D:2      | Reached XP level 5. HP: 29/42 MP: 5/5
  1959 | D:2      | Found Ceopnum's Jewellery Shop.
  2232 | D:2      | Found Gesenoze's Antique Armour Boutique.
  2398 | D:2      | Found Tiuteupn's Jewellery Boutique.
  2405 | D:2      | You fall into a shaft and drop 1 floor!
  2405 | D:3      | Noticed a black bear
  2426 | D:3      | Killed a black bear
  2427 | D:3      | Reached skill level 5 in Shields
  2427 | D:3      | Reached XP level 6. HP: 27/49 MP: 6/6
  2781 | D:3      | HP: 2/49 [orc priest/divine providence (12)]
  2782 | D:3      | Slain by an orc priest

Illustrated notes

Levels and vault maps discovered:
D:1:      evilmike_arrival_crescent, layout_basic
D:2:      minmay_evil_eye, layout_loops_cross, serial_shops, shop, shop,
          nicolae_shop_behind_doors, nicolae_shop_advertising_works
          [nicolae_subvault_shop_adworks], nicolae_shop_trees,
          basic_ecumenical_altar, corexii_item_surrounded_by_moat,
          chequers_serial_rivers_large_a, uniq_jessica, uniq_natasha
D:3:      layout_basic, serial_shops, shop

Skill      XL: |  1  2  3  4  5 |
---------------+----------------+-----
Shields        | 4 5 |  5.2
Fighting       | 4 |  4.7
Armour         | 4 |  4.8
Axes           | 3 |  3.6

Action                   |  1- 3 |  4- 6 || total
-------------------------+-------+-------++-------
Melee: War axe           |   101 |   117 ||   218
 Abil: Dig               |     1 |     2 ||     3
  Use: Potion            |       |     2 ||     2
Armor: Scale mail        |    61 |    59 ||   120
Dodge: Dodged            |    64 |    62 ||   126
Block: Buckler           |    31 |    23 ||    54
